 Dungeon Crawl Stone Soup version 0.22-a0-448-g1fb7470 (webtiles) character file.

9 iamserjio the Grasshopper (level 2, -2/19 HPs)
             Began as a Halfling Warper on June 4, 2018.
             Slain by a goblin
             ... wielding a +0 whip of flaming
              (4 damage)
             ... on level 1 of the Dungeon.
             The game lasted 00:01:20 (504 turns).

iamserjio the Grasshopper (Halfling Warper)          Turns: 504, Time: 00:01:22

Health: -2/19      AC:  3    Str: 12    XL:     2   Next: 20%
Magic:  4/4        EV: 14    Int: 11    God:
Gold:   32         SH:  0    Dex: 13    Spells: 4/4 levels left

rFire    . . .     SeeInvis .   a - +0 short sword
rCold    . . .     Gourm    .   (shield restricted)
rNeg     . . .     Faith    .   b - +0 leather armour
rPois    .         Spirit   .   (no helmet)
rElec    .         Reflect  .   (no cloak)
rCorr    .         Harm     .   (no gloves)
MR       .....                  (no boots)
Stlth    +.........             (no amulet)
HPRegen  0.06/turn              (no ring)
MPRegen  0.09/turn              (no ring)

@: no status effects
A: small, mutation resistance 1
a: no special abilities


You were on level 1 of the Dungeon.
You were not hungry.

You visited 1 branch of the dungeon, and saw 1 of its levels.

You collected 32 gold pieces.

Inventory:

Hand Weapons
 a - a +0 short sword (weapon)
Missiles
 e - 3 tomahawks of dispersal (quivered)
Armour
 b - a +0 leather armour (worn)
Scrolls
 d - a scroll of blinking
Comestibles
 f - 4 rations


   Skills:
 + Level 1.9 Fighting
 * Level 2.8 Short Blades
 - Level 1.0 Throwing
 + Level 1.3 Armour
 + Level 2.3 Dodging
 + Level 1.6 Spellcasting
   Level 3.2 Translocations


You had 4 spell levels left.
You didn't know any spells.
Your spell library contained the following spells:

 Spells                   Type           Power        Failure   Level  Hunger
 Teleport Other           Tloc           #.......     30%         3    ####...
 Blink                    Tloc           N/A          16%         2    ###....
 Passage of Golubria      Tloc           N/A          69%         4    #####..
 Shroud of Golubria       Chrm/Tloc      #.........   30%         2    ###....
 Gell's Gravitas          Tloc           #.........   30%         3    ####...
 Lesser Beckoning         Tloc           #.........   30%         3    ####...


Dungeon Overview and Level Annotations

Branches:
Dungeon (1/15)

Altars:


Innate Abilities, Weirdness & Mutations

You are small and have problems with some larger weapons.
You are somewhat resistant to further mutation.


Message History

The goblin burns you.
* * * LOW HITPOINT WARNING * * *
Throwing (i - inventory)
e - 5 tomahawks of dispersal (quivered)
Press: ? - help, Shift-Dir - straight line, f - goblin
Aim: a goblin, wielding a whip of flaming and wearing a chain mail (almost dead)
You throw a tomahawk of dispersal.
The tomahawk of dispersal completely misses the goblin.
The tomahawk of dispersal hits the ooze.
The ooze blinks!
The goblin misses you.
Throwing (i - inventory)
e - 4 tomahawks of dispersal (quivered)
Press: ? - help, Shift-Dir - straight line, f/p - goblin
Aim: a goblin, wielding a whip of flaming and wearing a chain mail (almost dead)
Okay, then.
Throwing (i - inventory)
e - 4 tomahawks of dispersal (quivered)
Press: ? - help, Shift-Dir - straight line, f/p - goblin
Aim: a goblin, wielding a whip of flaming and wearing a chain mail (almost dead)
You throw a tomahawk of dispersal.
The tomahawk of dispersal barely misses the goblin.
The goblin hits you with a whip of flaming.
You die...

............#.......##.###
.###..#.........#...##.#
.# #...................#
.# #..#........###..##.#
.# #[.####....##
#.(######## ...........#
#.......... ####....#
#..########
###....####..########
........hg@...รท).....#
........##....########
####....##.#..#
.............###
...............#
####..##.........# ...
#.........# ##..
#.###....## .. .!.....


You could see a jackal and a goblin.

Vanquished Creatures
  A goblin (D:1)
  A hobgoblin (D:1)
  4 jackals (D:1)
  A kobold (D:1)
7 creatures vanquished.

Notes
Turn   | Place    | Note
-------+----------+-------------------------------------------
     0 | D:1      | iamserjio the Halfling Warper began the quest for the Orb.
     0 | D:1      | Reached XP level 1. HP: 14/14 MP: 3/3
   164 | D:1      | Reached XP level 2. HP: 10/19 MP: 4/4
   504 | D:1      | Slain by a goblin

Vault maps used:
D:1:      doesnt_arrival_eight_statues

Action                   || total
-------------------------++-------
Melee: Short sword       ||    52
Throw: Tomahawk          ||     2
Armor: Leather armour    ||    10
Dodge: Dodged            ||    27

Table legend:
 A = Spawn XP
 B = Non-spawn XP
 C = Spawn XP percentage of total XP
 D = Spawn monster count
 E = Non-spawn monster count
 F = Spawn count percentage of total count
 G = Total turns spent on level
                    A         B        C        D         E        F      G
               +---------+---------+-------+---------+---------+-------+---------
         Total |       0 |      13 |   0.0 |       0 |       7 |   0.0 |   504
               +---------+---------+-------+---------+---------+-------+---------
           D:1 |       0 |      13 |   0.0 |       0 |       7 |   0.0 |   504
               +---------+---------+-------+---------+---------+-------+---------
